[Event "Betsys MČR v online bleskovém šachu 2021"]
[Site "Chess.com"]
[Date "2021.04.17"]
[Round "13"]
[White "Rognort"]
[Black "Mikkes33"]
[Result "1-0"]
[WhiteElo "1787"]
[BlackElo "1593"]
[TimeControl "180+1"]
[EndTime "11:10:41 PDT"]
[Termination "Uživatel Rognort zvítězil na čas"]

1. e4 e5 2. Nf3 Nc6 3. d4 exd4 4. Bc4 Bc5 5. c3 Nge7 6. cxd4 Bb4+ 7. Nc3 d5 8. exd5 Nxd5 9. Bxd5 Qxd5 10. O-O Bxc3 11.
bxc3 O-O 12. h3 Bf5 13. Bf4 Rac8 14. Re1 Be4 15. c4 Bxf3 16. cxd5 Bxd1 17. dxc6 Ba4 18. cxb7 Rb8 19. Rab1 Bc6 20. Rec1 Be4 21. Rb3 Rxb7 22. Rxb7 Bxb7 23. Rxc7 Bd5 24. Rxa7 Ra8 25. Rxa8+ Bxa8 26. Kf1 f5 27. Ke2 Kf7 28. Kd3 Bxg2 29. h4 Ke6 30. a4 Kd5 31. a5 Bf1+ 32. Kc3 g6 33.
Be5 h5 34. f4 Ba6 35. Kb4 Bf1 36. a6 Bxa6 37. Ka5 Bd3 38. Kb6 Be4 39. Kc7 Ke6 40.
Kd8 Bc6 41. Kc7 Ba4 42. Kb6 Be8 43. Kc5 Ba4 44. d5+ 1-0

[Event "Betsys MČR v online bleskovém šachu 2021"]
[Site "Chess.com"]
[Date "2021.04.17"]
[Round "13"]
[White "MatyldaCZ"]
[Black "Hanicka1517"]
[Result "0-1"]
[WhiteElo "1419"]
[BlackElo "1603"]
[TimeControl "180+1"]
[EndTime "11:10:41 PDT"]
[Termination "Uživatel Hanicka1517 zvítězil matem"]

1. e4 e6 2. Nf3 d5 3. exd5 exd5 4. d4 Bd6 5. Bd3 Ne7 6. O-O Nbc6 7. Nc3 Bg4 8. Be3 Qd7 9. Bb5 O-O-O 10. Bxc6 Qxc6 11. h3 Bh5 12. Re1 f6 13. a3 g5 14. Bd2 Bg6 15.
b4 h5 16. b5 Qd7 17. a4 g4 18.
hxg4 hxg4 19. Nh2 Bxh2+ 20. Kf1 Bd6 21. g3 Rh2 22. a5 Rdh8 23. Ne2 Rh1+ 24. Ng1 Qf5 25.
b6 cxb6 26. axb6 axb6 27. Ra8+ Kc7 28. Rxh8 Rxh8 29. Bf4 Kd7 30. Bxd6 Kxd6 31. Qd2 Kd7 32. Qb4 Nc6 33. Qxb6 Rb8 34. Ne2 Qxc2 35. Nf4 Bd3+ 36. Kg1 Be4 37. Nh5 Qc3 38. Nxf6+ Ke6 39. Qc7 Qxe1+ 40.
Kh2 Qh1# 0-1

[Event "Betsys MČR v online bleskovém šachu 2021"]
[Site "Chess.com"]
[Date "2021.04.17"]
[Round "13"]
[White "CzechMerlin"]
[Black "Richter_Rudolf"]
[Result "1-0"]
[WhiteElo "1663"]
[BlackElo "1421"]
[TimeControl "180+1"]
[EndTime "11:10:42 PDT"]
[Termination "Uživatel CzechMerlin zvítězil na čas"]

1. d4 d5 2. c4 e5 3. dxe5 d4 4. e4 Bb4+ 5. Bd2 Bxd2+ 6. Qxd2 Nc6 7. f4 Bg4 8. Nf3 Nge7 9. Be2 Ng6 10. h3 Bxf3 11. Bxf3 f6 12. exf6 Qxf6 13. g3 h5 14. f5 Nge5 15. Bg2 d3 16. Nc3 Nd4 17. O-O-O Nxc4 18. Qxd3 Qh6+ 19. Kb1 Ne3 20. Qxd4 Nxd1 21. Qe5+ Kf8 22. Rxd1 Qc6 23. Nd5 Re8 24. Qxc7 Qxc7 25.
Nxc7 Rc8 26. Ne6+ Kf7 27. Rd7+ Kf6 28. Rxg7 Rc6 29. e5+ Kxe5 30. Bxc6 bxc6 31. g4 hxg4 32. hxg4 Ke4 33. Rxa7 Kd3 34. a3 Kc4 35. Ka2 Rh2 36.
Ra5 c5 37. Rxc5+ Kd3 38. a4 Rd2 39. a5 Ke4 40. a6 1-0

[Event "Betsys MČR v online bleskovém šachu 2021"]
[Site "Chess.com"]
[Date "2021.04.17"]
[Round "13"]
[White "FormerProdigy"]
[Black "VojtechPlat"]
[Result "1-0"]
[WhiteElo "2881"]
[BlackElo "2835"]
[TimeControl "180+1"]
[EndTime "11:10:44 PDT"]
[Termination "Uživatel FormerProdigy zvítězil po vzdání soupeře"]

1. e4 d6 2. d4 Nf6 3. Nc3 e5 4. Nf3 exd4 5. Nxd4 Be7 6. g3 O-O 7. Bg2 Re8 8. O-O a6 9. a4 Nbd7 10. h3 Bf8 11. Re1 Nc5 12. a5 Bd7 13. Bf4 Rb8 14.
e5 dxe5 15. Bxe5 Ne6 16. Nf5 Nc5 17. Qf3 Bc6 18. Nh6+ gxh6 19. Qxf6 Qxf6 20. Bxf6 Bxg2 21. Kxg2 Ne6 22. Nd5 Bg7 23. Rad1 Kf8 24. Re3 c6 25. Bxg7+ Kxg7 26. Nb6 Rbd8 27. Red3 Rxd3 28. Rxd3 Nf8 29.
Nc4 Re2 30. Ne3 Re1 31. Rb3 Ra1 32. Nc4 Ra4 33. Nd6 Rxa5 34. Rxb7 Rd5 35. Nxf7 Kg6 36. Nh8+ Kh5 37. g4+ Kh4 38. Rf7 Ng6 39. Rxh7 Nxh8 40.
Rxh6+ Kg5 41. Rxh8 1-0

[Event "Betsys MČR v online bleskovém šachu 2021"]
[Site "Chess.com"]
[Date "2021.04.17"]
[Round "13"]
[White "TCTCGTGCTATG"]
[Black "Simago"]
[Result "0-1"]
[WhiteElo "1935"]
[BlackElo "2106"]
[TimeControl "180+1"]
[EndTime "11:10:45 PDT"]
[Termination "Uživatel Simago zvítězil matem"]

1. e4 c5 2. Nf3 g6 3. d4 cxd4 4. Nxd4 Bg7 5. Nc3 Nc6 6. Be3 Nf6 7. Bc4 O-O 8. f3 Qb6 9. Bb3 Nxe4 10. Nd5 Qa5+ 11. c3 Nf6 12. Nxc6 dxc6 13. Nxe7+ Kh8 14. Nxc8 Raxc8 15. O-O Rcd8 16. Qc2 Nd5 17. Bf2 Rfe8 18. Rfe1 Kg8 19. Rad1 Nf4 20. Rxd8 Rxd8 21. Re7 Qg5 22. Bc5 Rd1+ 23. Kf2 Qxg2+ 24. Ke3 Re1+ 25. Kxf4 Bh6# 0-1

[Event "Betsys MČR v online bleskovém šachu 2021"]
[Site "Chess.com"]
[Date "2021.04.17"]
[Round "13"]
[White "xnepom"]
[Black "machonza"]
[Result "1/2-1/2"]
[WhiteElo "2247"]
[BlackElo "2045"]
[TimeControl "180+1"]
[EndTime "11:10:47 PDT"]
[Termination "Remíza opakováním pozice"]

1. e4 c5 2. c3 Nc6 3. d4 cxd4 4.
cxd4 d5 5. exd5 Qxd5 6. Nf3 Bg4 7. Be2 e6 8. Nc3 Qa5 9. d5 exd5 10. Qxd5 Bb4 11.
Qxa5 Bxa5 12. O-O Nf6 13. Bg5 Bxc3 14. bxc3 Ne4 15. Be3 Nxc3 16. Bc4 Bxf3 17. gxf3 Ne5 18. Rac1 Nxc4 19. Rxc3 Ne5 20. Rc7 Nxf3+ 21. Kg2 Nh4+ 22. Kh3 Nf5 23. Bc5 b6 24. Re1+ Kd8 25. Rxf7 g6 26.
Ba3 h5 27. Rd1+ Ke8 28. Rb7 Rg8 29. Re1+ Kd8 30. Rd1+ Ke8 31. Re1+ Kd8 32. Rd1+ Ke8 1/2-1/2

[Event "Betsys MČR v online bleskovém šachu 2021"]
[Site "Chess.com"]
[Date "2021.04.17"]
[Round "13"]
[White "MrNikdo"]
[Black "prosinec"]
[Result "1-0"]
[WhiteElo "2056"]
[BlackElo "1779"]
[TimeControl "180+1"]
[EndTime "11:10:52 PDT"]
[Termination "Uživatel MrNikdo zvítězil po vzdání soupeře"]

1. e4 d6 2. d4 Nf6 3. Nc3 c6 4. Bg5 h6 5. Bf4 Qa5 6. e5 Nd5 7. Bd2 Nxc3 8. Bxc3 Qc7 9. Nf3 Bg4 10. h3 Bxf3 11. Qxf3 e6 12. exd6 Qxd6 13. O-O-O Qd5 14. Qxd5 cxd5 15. Bb5+ Nc6 16. f4 Bd6 17. f5 exf5 18.
Rhf1 g6 19. Rde1+ Kd7 20. g4 f4 21. Ba4 Rae8 22. Bb3 Ne7 23. Re2 b5 24. Rfe1 a6 25. Kd1 Ra8 26. Ba5 Rhc8 27. c3 Rab8 28. Kd2 b4 29.
Bxb4 Bxb4 30. cxb4 Rxb4 31. Rxe7+ 1-0

[Event "Betsys MČR v online bleskovém šachu 2021"]
[Site "Chess.com"]
[Date "2021.04.17"]
[Round "13"]
[White "CZMaster666"]
[Black "jsebesta"]
[Result "1-0"]
[WhiteElo "1920"]
[BlackElo "1661"]
[TimeControl "180+1"]
[EndTime "11:10:52 PDT"]
[Termination "Uživatel CZMaster666 zvítězil matem"]

1. e4 a6 2. d4 b5 3. g3 Bb7 4. Bg2 d6 5. Nh3 Nf6 6. Nd2 e5 7. d5 c6 8. c4 bxc4 9. Nxc4 cxd5 10. exd5 Qc7 11. b3 Qc5 12. Be3 Qb4+ 13. Ke2 Nbd7 14.
a3 Qb5 15. a4 Qb4 16. Qd3 Nc5 17. Bxc5 Qxc5 18. Rhd1 a5 19. Rac1 Ba6 20. Ke1 Qb4+ 21. Qd2 Qxb3 22. Nxa5 Qxa4 23. Ra1 Qb5 24. Bf1 Qc5 25.
Nc6 Ne4 26. Qb2 Rc8 27. Bxa6 Nc3 28. Bxc8 Nxd1 29. Rxd1 Qc4 30. Bf5 g6 31. Qb8# 1-0

[Event "Betsys MČR v online bleskovém šachu 2021"]
[Site "Chess.com"]
[Date "2021.04.17"]
[Round "13"]
[White "Dale00007"]
[Black "Terilka"]
[Result "0-1"]
[WhiteElo "1385"]
[BlackElo "1557"]
[TimeControl "180+1"]
[EndTime "11:10:52 PDT"]
[Termination "Uživatel Terilka zvítězil na čas"]

1. e4 e6 2. d4 d5 3. Nc3 Nf6 4. exd5 Nxd5 5. Nxd5 exd5 6. Nf3 Bd6 7. Bd3 Bg4 8. h3 Bh5 9. Qe2+ Qe7 10. Qxe7+ Bxe7 11. Be2 Nd7 12. O-O O-O-O 13. Bf4 h6 14. Rfe1 Bf6 15. c3 g5 16. Bh2 Bg6 17. Rac1 Bg7 18. Nd2 f5 19. g4 f4 20. Nf3 Nf6 21. Ne5 Be8 22. Kg2 Nd7 23. Nxd7 Rxd7 24. f3 Bg6 25. Bg1 Re8 26. Bf2 Rde7 27. Kf1 c6 28. h4 Bf6 29. h5 Bh7 30. Bd1 Bd3+ 31. Kg2 Rxe1 32. Bxe1 Rxe1 33. Kf2 Rf1+ 34. Kg2 Kd7 0-1

[Event "Betsys MČR v online bleskovém šachu 2021"]
[Site "Chess.com"]
[Date "2021.04.17"]
[Round "13"]
[White "Sunnika"]
[Black "David_Mic"]
[Result "1-0"]
[WhiteElo "2284"]
[BlackElo "2009"]
[TimeControl "180+1"]
[EndTime "11:10:54 PDT"]
[Termination "Uživatel Sunnika zvítězil po vzdání soupeře"]

1. e4 c5 2. Nf3 Nc6 3. d4 cxd4 4. Nxd4 Nf6 5. Nc3 e5 6. Ndb5 d6 7. Bg5 a6 8. Na3 b5 9. Nd5 Qa5+ 10. Bd2 Qd8 11.
c4 Nxe4 12. cxb5 Be6 13. Bc4 Nd4 14. O-O axb5 15. Nxb5 Bxd5 16. Bxd5 Nxb5 17. Bc6+ Ke7 18. Bxe4 Rc8 19. f4 f6 20. a4 Qb6+ 21. Kh1 Nd4 22. a5 Qa6 23. Bc3 Nb5 24. Bd3 Rc5 25. Bb4 Rd5 26.
fxe5 Rxe5 27. Rc1 g6 28. Qf3 f5 29. Rc7+ Kf6 30. Rc6 Qb7 31. a6 Qa7 32. Bxb5 Rxb5 33.
Bc3+ Kf7 34. Bxh8 1-0

[Event "Betsys MČR v online bleskovém šachu 2021"]
[Site "Chess.com"]
[Date "2021.04.17"]
[Round "13"]
[White "trosecnik"]
[Black "Daffac"]
[Result "0-1"]
[WhiteElo "1822"]
[BlackElo "2074"]
[TimeControl "180+1"]
[EndTime "11:10:56 PDT"]
[Termination "Uživatel Daffac zvítězil na čas"]

1. e4 c6 2. Nc3 d5 3. Nf3 Nf6 4. exd5 cxd5 5. d4 Nc6 6. Be2 g6 7. O-O Bg7 8. h3 O-O 9. Be3 Bf5 10. Qd2 Ne4 11. Nxe4 Bxe4 12. c3 Re8 13. Ng5 Bf5 14.
Bd3 Bxd3 15. Qxd3 a6 16. f4 e6 17. Nf3 b5 18. Ne5 Qc7 19. Nxc6 Qxc6 20. a3 a5 21. Rac1 Reb8 22. g4 Qc4 23. Qd2 f5 24. gxf5 exf5 25.
Rfe1 Re8 26. Bf2 Re4 27. Rxe4 fxe4 28. Be3 Rf8 29. Kh2 Bh6 30. Qf2 Qc7 31. Rf1 g5 32. Kg3 Rf5 33. Kg4 Qf7 34. Kg3 gxf4+ 35. Bxf4 Bxf4+ 36. Qxf4 Rxf4 37. Rxf4 Qe7 38. Rg4+ Kf8 39. Rf4+ Ke8 40.
h4 Kd7 41. Kg4 Kc6 42. Rf5 b4 43. axb4 axb4 44. h5 bxc3 45. bxc3 Kb5 46. Rxd5+ Kc4 0-1

[Event "Betsys MČR v online bleskovém šachu 2021"]
[Site "Chess.com"]
[Date "2021.04.17"]
[Round "13"]
[White "starypomalymuz"]
[Black "indebol"]
[Result "1-0"]
[WhiteElo "1748"]
[BlackElo "1543"]
[TimeControl "180+1"]
[EndTime "11:10:56 PDT"]
[Termination "Uživatel starypomalymuz zvítězil matem"]

1. e4 c5 2. Nf3 Nc6 3. d4 cxd4 4. Nxd4 d6 5. c4 a6 6. Be2 Nf6 7. Nc3 e6 8. O-O Be7 9. Be3 O-O 10. f4 Qc7 11.
Bf3 Bd7 12. Rc1 Rac8 13. a3 h6 14. Qd3 Nxd4 15. Bxd4 Rfd8 16. Ne2 Bc6 17. e5 Bxf3 18. Qxf3 dxe5 19. fxe5 Nd7 20. Qxf7+ Kh8 21. Qxe7 Qc6 22. Qd6 Qe4 23. Qxe6 Qxe2 24. Rf7 Nf8 25. Qb6 Qd3 26. Bf2 Qd2 27. Rf1 Nd7 28. Qxb7 Nxe5 29. Rxg7 Rf8 30. Rh7+ Kg8 31. Qg7# 1-0

[Event "Betsys MČR v online bleskovém šachu 2021"]
[Site "Chess.com"]
[Date "2021.04.17"]
[Round "13"]
[White "RadosC"]
[Black "xPsylocke"]
[Result "1-0"]
[WhiteElo "2492"]
[BlackElo "2259"]
[TimeControl "180+1"]
[EndTime "11:10:57 PDT"]
[Termination "Uživatel RadosC zvítězil po vzdání soupeře"]

1. e4 e5 2. Nf3 Nc6 3. Bb5 a6 4. Ba4 d6 5. O-O Bd7 6. c3 g6 7. d4 Bg7 8. Be3 Nf6 9. Nbd2 O-O 10. h3 Qe8 11. Bc2 h6 12. Re1 Nd8 13. Nf1 Nh5 14. dxe5 dxe5 15. Bb3 Ne6 16. N1h2 Rd8 17. Qc2 Nef4 18.
Rad1 Qe7 19. Ng4 Bxg4 20. hxg4 Nf6 21. Bxf4 exf4 22. Rxd8 Rxd8 23. g5 Ng4 24. gxh6 Bxh6 25. e5 Bg7 26. Qxg6 Nh6 27. Ng5 c5 28. Qh5 b5 29. e6 f6 30. Nf7 c4 31. Nxh6+ Bxh6 32. Qxh6 Qg7 33. Qxg7+ Kxg7 34. Bc2 Re8 35. Bf5 Kf8 36. Rd1 Re7 37. Kf1 1-0

[Event "Betsys MČR v online bleskovém šachu 2021"]
[Site "Chess.com"]
[Date "2021.04.17"]
[Round "13"]
[White "jsulc"]
[Black "KdybyNecoTakNic"]
[Result "0-1"]
[WhiteElo "2094"]
[BlackElo "2299"]
[TimeControl "180+1"]
[EndTime "11:10:57 PDT"]
[Termination "Uživatel KdybyNecoTakNic zvítězil po vzdání soupeře"]

1. d4 Nf6 2. c4 e6 3. g3 c5 4. Nf3 cxd4 5. Nxd4 Nc6 6. Bg2 Qb6 7. e3 Bc5 8. Nb3 Be7 9. Nc3 O-O 10. O-O a6 11. c5 Qb4 12. a3 Qc4 13. Qc2 Bxc5 14.
Nxc5 Qxc5 15. b4 Qc4 16. Bb2 d5 17. Rac1 Qg4 18. Na4 Qg6 19. Qe2 Ne4 20. Nb6 Rb8 21. Rc2 Rd8 22. Rfc1 Bd7 23. Bf3 Be8 24. Bh5 Qg5 25.
f4 Qh6 26. Bf3 Ne7 27. Kg2 Nc6 28. h3 Qg6 29. Bh5 Qxg3+ 30. Kf1 Qxh3+ 0-1

[Event "Betsys MČR v online bleskovém šachu 2021"]
[Site "Chess.com"]
[Date "2021.04.17"]
[Round "13"]
[White "Lipican"]
[Black "Vesselovsky52"]
[Result "0-1"]
[WhiteElo "2118"]
[BlackElo "2319"]
[TimeControl "180+1"]
[EndTime "11:11:01 PDT"]
[Termination "Uživatel Vesselovsky52 zvítězil po vzdání soupeře"]

1. d4 c5 2. d5 e5 3. e4 d6 4. Nd2 Nd7 5. Ngf3 g6 6. a4 Bg7 7. Bd3 Ne7 8. Nc4 Nb6 9. a5 Nxc4 10. Bxc4 O-O 11. O-O h6 12. Ra3 f5 13. Nd2 f4 14. Be2 h5 15. Nc4 Rb8 16. Bd2 Kh7 17. Kh1 Ng8 18. h3 Nf6 19. f3 g5 20. Be1 g4 21. fxg4 hxg4 22. Bh4 f3 23. gxf3 gxh3 24. Rg1 Bh6 25. Ne3 Bxe3 26. Rxe3 Bd7 27. Qe1 Qe8 28.
Bxf6 Rxf6 29. Qh4+ Rh6 30. Qg5 Qf7 31. Kh2 Rf8 32. Rg3 Rg8 33. Qxg8+ Qxg8 34. Rxg8 Kxg8 35. Bf1 Kf7 36. Rb3 Bc8 37. f4 exf4 38. Rf3 Rf6 39.
Bxh3 Rh6 40. Rxf4+ Kg6 41. Rf3 Kg5 42. Kg2 Bxh3+ 43. Rxh3 Rxh3 44. Kxh3 Kf4 45. Kg2 Kxe4 0-1

[Event "Betsys MČR v online bleskovém šachu 2021"]
[Site "Chess.com"]
[Date "2021.04.17"]
[Round "13"]
[White "TommyLud"]
[Black "Mikulas19"]
[Result "1-0"]
[WhiteElo "2134"]
[BlackElo "1891"]
[TimeControl "180+1"]
[EndTime "11:11:01 PDT"]
[Termination "Uživatel TommyLud zvítězil po vzdání soupeře"]

1. d4 d5 2. c4 c6 3. Nf3 e6 4. e3 Nf6 5. Nc3 Nbd7 6. Qc2 Be7 7. b3 O-O 8. Bb2 b6 9. Bd3 Bb7 10. O-O c5 11. cxd5 exd5 12. Rac1 Rc8 13. Qb1 cxd4 14. Nxd4 Ne5 15. Be2 Ne4 16. Nxe4 dxe4 17. Rfd1 Rxc1 18. Rxc1 Bd6 19. Qa1 Qh4 20. h3 Nf3+ 21. Nxf3 exf3 22. Bxf3 Bxf3 23. gxf3 Qxh3 24. f4 Qg4+ 25. Kf1 Qg6 26.
Rd1 Bb8 27. Ba3 Re8 28. Qd4 Qe6 29. Qd5 Qxd5 30. Rxd5 h6 31. Ke2 Kh7 32. Kf3 Kg6 33.
f5+ Kf6 34. Bb2+ Be5 35. Rxe5 Rxe5 36. Kf4 g5+ 37. fxg6 fxg6 38. Bxe5+ Ke6 39. Bg7 g5+ 40. Kg4 Kf7 41. Bxh6 Kg6 42. Bxg5 1-0

[Event "Betsys MČR v online bleskovém šachu 2021"]
[Site "Chess.com"]
[Date "2021.04.17"]
[Round "13"]
[White "matej-c"]
[Black "JaraLinhart"]
[Result "0-1"]
[WhiteElo "1930"]
[BlackElo "1729"]
[TimeControl "180+1"]
[EndTime "11:11:03 PDT"]
[Termination "Uživatel JaraLinhart zvítězil po vzdání soupeře"]

1. d4 Nf6 2. c4 e6 3. Nc3 Bb4 4. Qc2 O-O 5. a3 Bxc3+ 6. Qxc3 b6 7. Nf3 Bb7 8. g3 d5 9. Bg2 Ne4 10. Qc2 c5 11. dxc5 Nxc5 12. O-O Ne4 13. Rd1 Qf6 14.
cxd5 Bxd5 15. Be3 Na6 16. Bd4 Qe7 17. Rac1 Nac5 18. Nd2 Nxd2 19. Bxd5 exd5 20. Qxd2 Nb3 21. Qf4 Nxc1 22. Rxc1 Qe4 23. Qd2 Rac8 24. e3 Rc4 25. Rxc4 dxc4 26. Qb4 Rc8 27. a4 Qd5 28. Qe7 Qc6 29.
Qg5 f6 30. Qf4 Rf8 31. a5 bxa5 32. Bc3 Rd8 33. Qf5 Rd1+ 0-1

[Event "Betsys MČR v online bleskovém šachu 2021"]
[Site "Chess.com"]
[Date "2021.04.17"]
[Round "13"]
[White "SayQueen"]
[Black "Lukuluss88"]
[Result "1/2-1/2"]
[WhiteElo "2020"]
[BlackElo "2033"]
[TimeControl "180+1"]
[EndTime "11:11:04 PDT"]
[Termination "Remíza opakováním pozice"]

1. e4 d5 2. exd5 Qxd5 3. Nc3 Qa5 4. d4 c6 5. Bd3 Nf6 6. h3 e6 7. Nf3 Bb4 8. Bd2 Nd5 9. Nxd5 Bxd2+ 10. Qxd2 Qxd2+ 11. Nxd2 cxd5 12. O-O O-O 13. Nf3 Nc6 14. c3 Bd7 15. b4 a6 16. a4 Ne7 17. Ne5 Bc6 18.
Rfb1 f6 19. Nxc6 bxc6 20. Re1 Kf7 21. Re2 g6 22. Rae1 a5 23. Rxe6 Rfe8 24. b5 Ng8 25. Rxe8 Rxe8 26. Rxe8 Kxe8 27. bxc6 Kd8 28. c4 Ne7 29.
cxd5 Nxd5 30. Bc4 Nc3 31. d5 Kc7 32. Bb3 Kd6 33. Kf1 Ne4 34. Ke1 Nc5 35. Bc2 Na6 36. Be4 Nc5 37. Bc2 Na6 38. Be4 Nc5 39. Bc2 1/2-1/2

[Event "Betsys MČR v online bleskovém šachu 2021"]
[Site "Chess.com"]
[Date "2021.04.17"]
[Round "13"]
[White "FBingoPlayer"]
[Black "reflexia64"]
[Result "1-0"]
[WhiteElo "2195"]
[BlackElo "2259"]
[TimeControl "180+1"]
[EndTime "11:11:05 PDT"]
[Termination "Uživatel FBingoPlayer zvítězil na čas"]

1. Nc3 g6 2. e4 Bg7 3. d4 d6 4. Bg5 h6 5. Be3 a6 6. f4 b5 7.
Be2 Nd7 8. Bf3 Bb7 9. h4 h5 10.
a3 c5 11. Nge2 Qc7 12. Qd2 Ngf6 13. Ng3 b4 14. axb4 cxb4 15. Nce2 a5 16. O-O Nb6 17. b3 O-O 18. f5 Rfc8 19. Rac1 Nbd7 20. Bh6 Nf8 21. Bxg7 Kxg7 22. e5 dxe5 23. dxe5 Nd5 24. Bxd5 Qc5+ 25. Rf2 Qxd5 26. f6+ exf6 27. exf6+ Kh7 28.
Qe1 Ne6 29. Rd1 Qc6 30. Nd4 Nxd4 31. Rxd4 Re8 32. Qd1 Re5 33. Rd7 Kg8 34. Qd2 g5 35. hxg5 Rae8 36. g6 Re1+ 37. Kh2 Qxd7 38. Qxd7 Rf8 39.
Qxb7 Re6 40. Nxh5 1-0

[Event "Betsys MČR v online bleskovém šachu 2021"]
[Site "Chess.com"]
[Date "2021.04.17"]
[Round "13"]
[White "Michaela1994"]
[Black "malviny"]
[Result "1-0"]
[WhiteElo "1643"]
[BlackElo "1196"]
[TimeControl "180+1"]
[EndTime "11:11:05 PDT"]
[Termination "Uživatel Michaela1994 zvítězil na čas"]

1. e4 e5 2. Nf3 Nc6 3. Bc4 Be7 4. O-O d6 5. c3 Na5 6. Be2 Nf6 7. Qc2 O-O 8. d4 exd4 9. cxd4 d5 10. e5 Nd7 11.
Nc3 Nb6 12. Bd3 g6 13. Ne2 Be6 14. Ng3 Nac4 15. b3 Na5 16. Bh6 Re8 17. Qd2 Nc6 18. Ng5 Bf8 19. Nxe6 fxe6 20. Bg5 Qd7 21. h4 Ne7 22. h5 Kh8 23. hxg6 Nxg6 24. Bf6+ Bg7 25. Qh6 Bxf6 26. exf6 Qf7 27. Nh5 Rg8 28. Rae1 Rae8 29. f4 Nd7 30. f5 exf5 31. Rxe8 Qxe8 32. Bxf5 Qf7 33. Bxd7 Qxd7 34. f7 1-0

[Event "Betsys MČR v online bleskovém šachu 2021"]
[Site "Chess.com"]
[Date "2021.04.17"]
[Round "13"]
[White "Lisak007"]
[Black "PetrSoucek"]
[Result "0-1"]
[WhiteElo "1804"]
[BlackElo "2010"]
[TimeControl "180+1"]
[EndTime "11:11:06 PDT"]
[Termination "Uživatel PetrSoucek zvítězil po vzdání soupeře"]

1. e4 c5 2. Nc3 a6 3. f4 b5 4.
d3 Bb7 5. Nf3 e6 6. g3 d5 7. Qe2 dxe4 8. Nxe4 Nf6 9. Bg2 Be7 10.
O-O Nbd7 11. b3 O-O 12. Bb2 Qc7 13. Rae1 Rad8 14. Nfg5 h6 15. Nxf6+ Bxf6 16. Bxf6 Nxf6 17.
Ne4 Nxe4 18. dxe4 c4 19. Rd1 a5 20. Rxd8 Rxd8 21. Rd1 Rxd1+ 22. Qxd1 c3 23. Qd4 b4 24.
Kf2 Kf8 25. Ke3 Ba6 26. Bf3 f6 27. Be2 Bxe2 28. Kxe2 Ke7 29. Ke3 e5 30. fxe5 fxe5 31. Qd5 Kf6 32. Qb5 Qd8 33. Qd5 Qxd5 34. exd5 Ke7 35.
Ke4 Kd6 36. h4 h5 37. Ke3 Kxd5 38. Kd3 e4+ 39. Ke3 Ke5 40. Ke2 Kd4 41. Kf2 e3+ 42.
Kf3 g6 43. Kg2 Ke4 44. Kf1 Kf3 45. Ke1 0-1

[Event "Betsys MČR v online bleskovém šachu 2021"]
[Site "Chess.com"]
[Date "2021.04.17"]
[Round "13"]
[White "kubaches123"]
[Black "chessbeer17"]
[Result "0-1"]
[WhiteElo "2139"]
[BlackElo "2369"]
[TimeControl "180+1"]
[EndTime "11:11:07 PDT"]
[Termination "Uživatel chessbeer17 zvítězil po vzdání soupeře"]

1. d4 Nf6 2. c4 e6 3. Nf3 b6 4. a3 Bb7 5. Nc3 Be7 6. Qc2 d5 7.
cxd5 exd5 8. Bf4 O-O 9. e3 c5 10. Bd3 Nbd7 11. O-O h6 12. Rfd1 c4 13. Bf5 a6 14. a4 Re8 15. Ne5 Bb4 16. b3 Bxc3 17.
Qxc3 b5 18. bxc4 dxc4 19. Nxd7 Nxd7 20. axb5 axb5 21. Rxa8 Bxa8 22. Qb4 Nf6 23. Qxb5 c3 24. Qc4 Qd5 25. Qxd5 Nxd5 26. Bg3 g6 27. Bb1 Rc8 28.
Rc1 Nb4 29. Bd6 Na6 30. Bd3 Bb7 31. f3 Kg7 32. Kf2 Kf6 33. e4 Ke6 34. Ba3 f5 35.
Ke3 fxe4 36. fxe4 g5 37. d5+ Ke5 38. Bxa6 Bxa6 39. Rc2 Rc4 40. Rxc3 Rxc3+ 0-1

[Event "Betsys MČR v online bleskovém šachu 2021"]
[Site "Chess.com"]
[Date "2021.04.17"]
[Round "13"]
[White "TTCZ"]
[Black "Tomasbezdek07"]
[Result "0-1"]
[WhiteElo "1456"]
[BlackElo "1701"]
[TimeControl "180+1"]
[EndTime "11:11:08 PDT"]
[Termination "Uživatel Tomasbezdek07 zvítězil na čas"]

1. e4 d6 2. Nc3 Nf6 3. d4 Nbd7 4. f4 e5 5. Nf3 exd4 6. Nxd4 Nc5 7. Bd3 Bg4 8. Nf3 Be7 9. O-O O-O 10. h3 Bxf3 11.
Qxf3 c6 12. Be3 Nxd3 13. cxd3 d5 14. e5 Nd7 15. d4 Nb6 16. b3 a5 17. Ne2 a4 18. bxa4 Rxa4 19. f5 Nc4 20. Bf2 Nd2 21. Qf4 Nxf1 22. Kxf1 Bg5 23. Qg4 h6 24. h4 Bd2 25. f6 g6 26. Rb1 Rxa2 27. h5 g5 28.
Ng3 Qc8 29. Nf5 Qa8 30. Nxh6+ Kh7 31. Nf5 Qa6+ 32. Kg1 Ra1 33. Rxa1 Qxa1+ 34. Kh2 Bf4+ 35. g3 Qb2 36. Kg2 Bd2 37. Ne7 Qc2 0-1

[Event "Betsys MČR v online bleskovém šachu 2021"]
[Site "Chess.com"]
[Date "2021.04.17"]
[Round "13"]
[White "kubajss"]
[Black "Ami2013"]
[Result "1-0"]
[WhiteElo "910"]
[BlackElo "492"]
[TimeControl "180+1"]
[EndTime "11:11:09 PDT"]
[Termination "Uživatel kubajss zvítězil na čas"]

1. e4 e5 2. Nf3 Nc6 3. Bc4 Nf6 4.
d3 h6 5. O-O d6 6. Nc3 Bg4 7.
h3 Bh5 8. Be3 Be7 9. d4 Bxf3 10.
Qxf3 O-O 11. d5 Nh5 12. Qg4 Nf6 13. Qg3 h5 14. Bh6 Ng4 15. hxg4 gxh6 16. gxh5+ Bg5 17. Be2 Kh8 18. f3 Bf4 19. Qg4 Be3+ 20. Kh1 Rg8 21.
Qh3 Rg5 22. Nd1 f5 23. Nxe3 f4 24. Ng4 Rg6 25. Rad1 Rg5 26. Nxh6 Kh7 27. Nf7 Qf6 28. Nxg5+ Qxg5 29. Qh2 Kh6 30. Bb5 Qxh5 31. Qxh5+ Kxh5 32. Kg1 Rg8 33. Kf2 1-0

[Event "Betsys MČR v online bleskovém šachu 2021"]
[Site "Chess.com"]
[Date "2021.04.17"]
[Round "13"]
[White "Saygram"]
[Black "JJ95"]
[Result "0-1"]
[WhiteElo "2362"]
[BlackElo "2033"]
[TimeControl "180+1"]
[EndTime "11:11:10 PDT"]
[Termination "Uživatel JJ95 zvítězil po vzdání soupeře"]

1. e4 e5 2. f4 exf4 3. Nf3 Nf6 4.
Nc3 d5 5. e5 Ne4 6. d4 Be7 7.
Bxf4 Nxc3 8. bxc3 Nc6 9. Bd3 Bg4 10. O-O O-O 11. Qe1 Bh5 12. Qg3 Bg6 13. Bxg6 hxg6 14.
Rae1 Qd7 15. Bg5 Nd8 16. Bxe7 Qxe7 17. h4 Ne6 18. Ng5 c5 19. Nxe6 Qxe6 20. h5 gxh5 21. Rf6 Qg4 22. Qxg4 hxg4 23. Rd6 cxd4 24. cxd4 Rfd8 25.
Kf2 Kf8 26. Kg3 Rxd6 27. exd6 Rd8 28. Kxg4 Rxd6 29. Re5 f6 30. Re2 Kf7 31. Kf5 g6+ 32. Kf4 Re6 33. Rd2 Re4+ 34. Kf3 Ke6 35. c3 g5 36. Rb2 Rf4+ 37. Ke3 Re4+ 38. Kd3 Rg4 39. Rxb7 Rg3+ 40. Kc2 Rxg2+ 41. Kb3 a5 42. a4 g4 43. c4 Rg3+ 44. Kc2 dxc4 45. Rb5 Rd3 46. Rxa5 Rxd4 47. Ra8 f5 48. Rg8 c3 49. Kxc3 Rxa4 50.
Kd3 Re4 51. Rg6+ Kf7 0-1

[Event "Betsys MČR v online bleskovém šachu 2021"]
[Site "Chess.com"]
[Date "2021.04.17"]
[Round "13"]
[White "Millbo64"]
[Black "Dejfos"]
[Result "0-1"]
[WhiteElo "1966"]
[BlackElo "1788"]
[TimeControl "180+1"]
[EndTime "11:11:10 PDT"]
[Termination "Uživatel Dejfos zvítězil matem"]

1. e4 c6 2. d4 d5 3. exd5 cxd5 4. Nf3 Nf6 5. c3 Bg4 6. Be2 e6 7. Bg5 Bd6 8. h3 Bh5 9. Nbd2 Bg6 10. O-O O-O 11. Re1 Nbd7 12. Nf1 Qc7 13. Bd3 Ne4 14. Be3 f5 15. Re2 Bh5 16. Qc2 Rf6 17. Ree1 Rg6 18. N3d2 Ndf6 19. Nxe4 fxe4 20. Be2 Bf4 21. Bxh5 Nxh5 22.
Qe2 Bxe3 23. Qxe3 Nf4 24. Ng3 h5 25. h4 Rf8 26. Rf1 Qd8 27. Qe1 Qxh4 28. c4 Nd3 29. Qc3 Qf4 30. cxd5 exd5 31. Qb3 h4 32. Qxd5+ Kh8 33.
Ne2 Qg4 34. g3 hxg3 35. Nxg3 Nxf2 36. Rxf2 Qxg3+ 37. Kf1 Qxf2# 0-1